 Seeded DCSS version 0.29.1-1-gd02db6906a (webtiles) character file.

Game seed: 1175502197238150004 (custom seed)

54 lonewolfV2 the Conjurer (level 3, -4/14 HPs)
             Began as a Felid Conjurer on Oct 17, 2022.
             Slain by Grinder (7 damage)
             ... on level 3 of the Dungeon.
             The game lasted 00:11:19 (2699 turns).

lonewolfV2 the Conjurer (Felid Conjurer)            Turns: 2699, Time: 00:11:19

Health: -4/14      AC:  1    Str: -1    XL:     3   Next: 66%
Magic:  7/8        EV: 18    Int: 35    God:
Gold:   154        SH:  0    Dex: 14    Spells: 4/7 levels left
                                        Lives:  0   Deaths: 1

rFire   + . .      SeeInvis +   (weapon unavailable)
rCold   . . .      Faith    .   (shield unavailable)
rNeg    + . .      Spirit   .   (body armour unavailable)
rPois   .          Reflect  .   (helmet unavailable)
rElec   .          Harm     .   (cloak unavailable)
rCorr   .          Rampage  .   (gloves unavailable)
Will    .....                   (boots unavailable)
Stlth   +++.......              c - amulet of Woitoag {RegenMP Contam Regen+ Int+7}
HPRegen 0.84/turn               d - ring of Some Jem {rF+ rN+ Str-4 Int+7}
MPRegen 0.51/turn               (no ring)

@: quick
A: very small, claws 1, fangs 3, see invisible, speed 1, shaggy fur 1, stealthy
paws, no weapons or thrown items, no armour, multi-lived
a: no special abilities


You were on level 3 of the Dungeon.
You visited 1 branch of the dungeon, and saw 3 of its levels.

You collected 154 gold pieces.

Inventory:

Jewellery
 c - the amulet of Woitoag (around neck) {RegenMP Contam Regen+ Int+7}
   (You acquired it on level 2 of the Dungeon)

   [amulet of magic regeneration]

   It increases your rate of magic regeneration.
   Int:       It affects your intelligence (+7).
   Contam:    It causes magical contamination when unequipped.
   Regen:     It increases your rate of health regeneration.
 d - the ring of Some Jem (left paw) {rF+ rN+ Str-4 Int+7}
   (You found it on level 3 of the Dungeon)

   [ring of positive energy]

   Str:       It affects your strength (-4).
   Int:       It affects your intelligence (+7).
   rF:        It protects you from fire.
   rN:        It protects you from negative energy.
Potions
 a - a potion of magic
 b - 2 potions of cancellation {unknown}
 f - 3 potions of attraction
 g - 2 potions of haste {unknown}


   Skills:
 + Level 3.9 Dodging
 + Level 4.1 Stealth
 + Level 2.7 Spellcasting
 + Level 4.1 Conjurations


You had 4 spell levels left.
You knew the following spells:

 Your Spells              Type           Power      Damage    Failure   Level
a - Magic Dart            Conj           100%       1d8       1%          1
b - Searing Ray           Conj           68%        2d6       1%          2

Your spell library contained the following spells:

 Spells                   Type           Power      Damage    Failure   Level
 Dazzling Flash           Conj/Hex       38%        N/A       7%          3
 Gell's Gravitas          Tloc           4%         N/A       16%         3
 Teleport Other           Tloc           4%         N/A       16%         3
 Tukima's Dance           Hex            4%         N/A       16%         3
 Fulminant Prism          Conj/Hex       9%         3d7       22%         4
 Iskenderun's Mystic Bla  Conj/Tloc      19%        2d6       22%         4
 Blade Hands              Tmut           2%         N/A       82%         5
 Dispersal                Tloc           2%         N/A       100%        6
 Portal Projectile        Hex/Tloc       Unusable   N/A       N/A         3

Dungeon Overview and Level Annotations

Branches:
Dungeon (3/15)

Altars:

Annotations:
D:3 Grinder


Innate Abilities, Weirdness & Mutations

You have sharp claws.
You have razor-sharp teeth.
You have supernaturally acute eyesight. (SInv)
You cover ground quickly. (Speed+)
You are covered in fur. (AC +1)
Your paws help you pounce on unaware monsters.
You are incapable of wielding weapons or throwing items.
You cannot wear armour.
You gain extra lives every three experience levels.


Message History

Casting: Magic Dart (safe; 1% risk of failure)
Confirm with . or Enter, or press ? or * to list all spells.
Aiming: Searing Ray (safe; 1% risk of failure)
Press: ? - help, Shift-Dir - straight line, f/p - Grinder
Aim: Grinder (heavily wounded, 78% to hit)
The searing ray hits Grinder.
Grinder is heavily wounded. (Press . to maintain the ray.) Grinder closely misses you.
The searing ray hits Grinder.
Grinder is severely wounded.
Grinder misses you.
The searing ray hits Grinder.
Grinder is almost dead.
Grinder hits you.
The searing ray hits Grinder.
Grinder is almost dead.
You finish channelling your searing ray.
Grinder gestures at you. Pain shoots through your body!
Grinder says, "I used to sell toenails on the black market."
Grinder closely misses you. Grinder gestures at you.
Pain shoots through your body! Grinder gestures at you.
You suddenly lose the ability to move!
Grinder blinks!
Grinder says, "FISH!"
Grinder hits you!
Ouch! That really hurt!
* * * LOW HITPOINT WARNING * * *
You can move again.
You closely miss Grinder.
Grinder is almost dead.
Grinder barely misses you.
You completely miss Grinder.
Grinder is almost dead.
Grinder hits you!
Ouch! That really hurt!
You die...

#....>..#
#.#....#
#.......#
#.######
#.......#
#......#
#########
######.#
.#.#
##.#.#
#.!#.#
#.##.#
#@5..#
######


You could see Grinder.

Vanquished Creatures
  2 adders (D:2)
  3 gnolls (D:3)
  A worm (D:2)
  A dart slug (D:1)
  An orc (D:3)
  7 ball pythons
  An endoplasm (D:2)
  3 giant cockroaches (D:2)
  7 hobgoblins
  A quokka (D:1)
  4 bats
  3 frilled lizards
  10 goblins
  A kobold (D:2)
  6 rats
51 creatures vanquished.

Notes
Turn   | Place    | Note
-------+----------+-------------------------------------------
     0 | D:1      | lonewolfV2 the Felid Conjurer began the quest for the Orb.
     0 | D:1      | Reached XP level 1. HP: 7/7 MP: 4/4
   605 | D:1      | Reached XP level 2. HP: 11/11 MP: 4/6
  1136 | D:1      | Found a faded altar of an unknown god.
  1595 | D:2      | Learned a level 2 spell: Searing Ray
  1775 | D:2      | Identified a scroll of acquirement
  1775 | D:2      | Acquired the amulet of Woitoag {RegenMP Contam Regen+
                  | Int+7}
  1922 | D:2      | Reached XP level 3. HP: 14/14 MP: 5/7
  2400 | D:3      | Reached XP level 4. HP: 18/18 MP: 6/8
  2444 | D:3      | Identified the ring of Some Jem {rF+ rN+ Str-4 Int+7}
  2449 | D:3      | Lost strength.
  2507 | D:3      | Slain by a gnoll
  2508 | D:3      | Reached XP level 3. HP: 0/14 MP: 7/8
  2682 | D:3      | Noticed Grinder
  2693 | D:3      | Paralysed by Grinder for 5 turns
  2699 | D:3      | Slain by Grinder

Illustrated notes

Levels and vault maps discovered:
D:1:      minmay_arrival_arboretum_large, layout_basic,
          shapermc_ecumenical_altar_mp_vishouse, minmay_tromino_i4
D:2:      layout_loops_ring
D:3:      layout_rooms, patterned_corridor, uniq_grinder, uniq_robin

Skill      XL: |  1  2  3  4 |
---------------+-------------+-----
Stealth        | 3 4 |  4.1
Dodging        | 3 |  3.9
Conjurations   | 4 |  4.1
Spellcasting   | |  2.7

Action                   |  1- 3 |  4- 6 || total
-------------------------+-------+-------++-------
Melee: Unarmed           |    10 |       ||    10
 Cast: Magic Dart        |    84 |     9 ||    93
       Searing Ray       |     5 |     1 ||     6
  Use: Scroll            |     5 |     2 ||     7
Armor: Skin              |     6 |       ||     6
Dodge: Dodged            |    34 |     8 ||    42
